AoeStats
← DKing

Arena

510343422Analyzed
4v4 RM · 2d ago on Sep 30, 2026· 36m 43s· 8 players
Game mode
Random Map
Map size
Large (8 player)
Population
200
Speed
Normal
Resources
Standard
Victory
Conquest
Starting age
Dark Age
Ending age
Imperial Age
RankedLock teamsTeams togetherTeam positionsShared explorationLock speedFull tech treeHidden civsTurbo modeCheats
Victory
Defeat
🇨🇳 Burgundians · China
1327
+13
🇳🇦 Armenians · Namibia
1325
+13
🇷🇺 Saracens · Russia
1316
+14
🇨🇳 Varangians · China
1292
+15
🇷🇺 Franks · Russia
1286
-15
🇷🇺 Italians · Russia
1266
-14
🇵🇹 Goths · Portugal
1257
-13
🇫🇷 Sicilians · France
1242
-13
DKing
5:15 Loom
12:25 Feudal Age
16:27 Castle Age
14:44 Double-Bit Axe
14:40 Horse Collar
19:13 Bow Saw
19:04 Heavy Plow
23:43 Wheelbarrow
23:16 Town Watch
25:54 Hand Cart
26:36 Gold Mining
31:26 Imperial Age
30:29 Scale Mail Armor
30:40 Forging
30:27 Pikeman
31:07 Squires
30:28 Man-at-Arms
31:54 Chain Mail Armor
31:34 Halberdier
31:36 Long Swordsman
32:07 Fletching
32:53 Iron Casting
32:24 Anarchy
34:21 Chemistry
33:17 Murder Holes
33:03 Treadmill Crane
34:05 Conscription
33:06 Elite Huskarl
34:17 Padded Archer Armor
34:20 Two-Handed Swordsman
35:03 Perfusion
Puzotron
12:38 Feudal Age
14:10 Horse Collar
17:38 Castle Age
23:06 Imperial Age
21:17 Fletching
23:02 Ballistics
24:52 Chemistry
25:22 Loom
25:56 Bodkin Arrow
26:03 Padded Archer Armor
29:25 Gold Mining
29:28 Stone Mining
29:28 Double-Bit Axe
30:06 Bracer
31:26 Leather Archer Armor
34:13 Ring Archer Armor
WAnds | danila90r
11:08 Feudal Age
11:55 Double-Bit Axe
14:43 Castle Age
15:00 Wheelbarrow
16:31 Bow Saw
24:20 Gold Mining
28:57 Imperial Age
26:44 Hand Cart
26:15 Loom
27:09 Scale Barding Armor
27:15 Forging
29:51 Gold Shaft Mining
29:40 Cavalier
30:20 Husbandry
30:24 Chivalry
31:06 Conscription
31:02 Paladin
33:46 Chain Barding Armor
34:30 Iron Casting
STABYLO
11:07 Feudal Age
12:31 Double-Bit Axe
14:57 Castle Age
12:57 Horse Collar
15:55 Bow Saw
Wolfram
2:42 Loom
11:16 Feudal Age
14:50 Castle Age
12:39 Double-Bit Axe
13:03 Horse Collar
15:57 Bow Saw
17:57 Heavy Plow
18:31 Stone Mining
20:10 Wheelbarrow
22:13 Hand Cart
24:19 Gold Mining
27:26 Imperial Age
26:30 Gold Shaft Mining
25:48 Fletching
26:26 Loom
27:44 Bodkin Arrow
28:30 Ballistics
29:26 Chemistry
30:31 Conscription
30:15 Bracer
30:16 Padded Archer Armor
29:58 Treadmill Crane
30:29 Masonry
30:10 Town Watch
31:31 Murder Holes
31:03 Elite Composite Bowman
31:51 Fereters
31:48 Scale Mail Armor
31:51 Man-at-Arms
32:17 Gambesons
32:32 Squires
32:18 Arson
32:51 Chain Mail Armor
32:54 Leather Archer Armor
32:50 Forging
32:39 Long Swordsman
34:00 Hoardings
33:42 Two-Handed Swordsman
35:00 Plate Mail Armor
35:07 Iron Casting
35:51 Ring Archer Armor
35:23 Champion
37:44 Blast Furnace
ABCDE
11:55 Feudal Age
13:00 Double-Bit Axe
15:28 Castle Age
13:25 Horse Collar
15:53 Wheelbarrow
16:26 Bow Saw
16:17 Heavy Plow
20:03 Stone Mining
23:35 Gold Mining
25:03 Loom
25:34 Hand Cart
25:04 Town Watch
26:32 Stone Shaft Mining
30:14 Imperial Age
29:17 Squires
29:02 Arson
30:20 Forging
30:11 Scale Mail Armor
31:15 Conscription
30:16 Gothikon
30:18 Elite Varangian Guard
31:38 Iron Casting
31:19 Chain Mail Armor
31:26 Fortified Wall
32:44 Two-Man Saw
32:41 Crop Rotation
34:03 Blast Furnace
33:33 Plate Mail Armor
33:10 Scale Barding Armor
32:56 Fletching
36:19 Chain Barding Armor
蝴蝶
4:49 Double-Bit Axe
7:31 Horse Collar
11:25 Feudal Age
15:36 Castle Age
14:40 Heavy Plow
14:52 Bow Saw
17:18 Wheelbarrow
19:47 Hand Cart
22:02 Town Watch
23:41 Gold Mining
24:06 Stone Mining
24:44 Loom
26:00 Gold Shaft Mining
25:58 Crop Rotation
26:34 Two-Man Saw
26:15 Stone Shaft Mining
26:41 Guilds
26:17 Treadmill Crane
30:10 Imperial Age
28:18 Scale Barding Armor
28:24 Forging
28:23 Fletching
28:46 Fortified Wall
28:31 Murder Holes
28:47 Masonry
29:22 Town Patrol
29:51 Chain Barding Armor
29:59 Burgundian Vineyards
30:55 Iron Casting
29:51 Cavalier
30:32 Husbandry
30:10 Light Cavalry
31:15 Conscription
31:04 Husbandry
31:07 Caravan
31:37 Coinage
31:57 Hoardings
32:11 Plate Barding Armor
31:37 Scale Mail Armor
32:26 Architecture
32:57 Chemistry
31:38 Paladin
31:39 Hussar
32:17 Bodkin Arrow
32:23 Padded Archer Armor
31:45 Elite Skirmisher
31:49 Crossbowman
33:50 Blast Furnace
34:01 Banking
34:12 Squires
33:32 Pikeman
34:39 Ballistics
36:31 Bombard Tower
spirrulina
10:17 Feudal Age
13:59 Castle Age
12:10 Double-Bit Axe
12:54 Horse Collar
15:15 Bow Saw
21:11 Scale Barding Armor
21:16 Forging
21:17 Heavy Plow
22:12 Chain Barding Armor
23:30 Bloodlines
23:21 Husbandry
28:56 Gold Mining
30:55 Iron Casting
31:56 Wheelbarrow
31:09 Loom
36:01 Imperial Age
33:49 Hand Cart
37:30 Imperial Age
Connection lost

Rejoining the realm…

Still unreachable

The connection could not be restored.

Session expired

The server has moved on; the page needs a fresh start.